 Dungeon Crawl Stone Soup version 0.28-a0-1567-g1695149f81 (webtiles) character file.

Game seed: 7054084184872316543

110 Pin the Covered (level 4, -3/39 HPs)
             Began as a Hill Orc Monk on Jan 20, 2022.
             Slain by an orc (8 damage)
             ... on level 3 of the Dungeon.
             The game lasted 00:03:43 (2177 turns).

Pin the Covered (Hill Orc Monk)                     Turns: 2177, Time: 00:03:43

Health: -3/39      AC:  9    Str: 15    XL:     4   Next: 91%
Magic:  4/4        EV:  7    Int: 10    God:
Gold:   56         SH:  0    Dex: 13    Spells: 3/3 levels left

rFire   . . .      SeeInvis .   a - +0 hand axe
rCold   . . .      Faith    .   (no shield)
rNeg    . . .      Spirit   .   f - +0 chain mail
rPois   +          Reflect  .   (no helmet)
rElec   .          Harm     .   (no cloak)
rCorr   .          Rampage  .   (no gloves)
Will    .....                   (no boots)
Stlth   ..........              (no amulet)
HPRegen 0.13/turn               d - ring of poison resistance
MPRegen 0.09/turn               (no ring)

@: no status effects
A: no striking features
a: no special abilities


You were on level 3 of the Dungeon.
You visited 1 branch of the dungeon, and saw 3 of its levels.

You collected 56 gold pieces.

Inventory:

Hand Weapons
 a - a +0 hand axe (weapon)
Armour
 f - a +0 chain mail (worn)
Jewellery
 c - a +6 ring of intelligence
 d - a ring of poison resistance (left hand)
 e - a ring of wizardry
Scrolls
 b - a scroll of blinking {unknown}
 i - 2 scrolls of identify {unknown}
 l - a scroll of amnesia {unknown}
Potions
 g - a potion of cancellation {unknown}
 h - a potion of degeneration {unknown}
 j - a potion of berserk rage {unknown}
 k - a potion of ambrosia {unknown}


   Skills:
 - Level 3.6 Fighting
 - Level 4.0 Axes
 + Level 4.8 Armour
 - Level 2.4 Dodging
 - Level 1.5 Stealth


You had 3 spell levels left.
You didn't know any spells.
Your spell library was empty.

Dungeon Overview and Level Annotations

Branches:
Dungeon (3/15)

Altars:


Message History

You are too injured to fight recklessly!
You are too injured to fight recklessly!
You are too injured to fight recklessly!
You are too injured to fight recklessly!
You are too injured to fight recklessly!
You are too injured to fight recklessly!
You are too injured to fight recklessly!
You are too injured to fight recklessly!
You are too injured to fight recklessly!
You are too injured to fight recklessly!
You are too injured to fight recklessly!
You are too injured to fight recklessly!
You are too injured to fight recklessly!
You hit the orc but do no damage. The orc barely misses you.
The orc hits you with a +0 flail. The orc hits you but does no damage.
You hit the orc.
The orc is moderately wounded.
The orc closely misses you. x2
You barely miss the orc.
The orc is moderately wounded.
The orc hits you with a +0 flail.
* * * LOW HITPOINT WARNING * * *
The orc hits you but does no damage.
You hit the orc but do no damage.
The orc is moderately wounded.
The orc closely misses you.
The orc hits you from afar with a +0 trident.
* * * LOW HITPOINT WARNING * * *
You hit the orc but do no damage.
The orc is moderately wounded.
The orc hits you but does no damage. The orc barely misses you.
You hit the orc but do no damage.
The orc is moderately wounded.
The orc barely misses you.
The orc hits you from afar with a +0 trident.
* * * LOW HITPOINT WARNING * * *
You hit the orc but do no damage.
The orc is moderately wounded.
The orc hits you with a +0 flail!
You die...

#.. ..... ### ....# ....
# ... #.##### .. #.#....
o# #...### ##o#
#####...# ####@)#
####.....#.#
####....#####....#####..
#.............#### #
###############


You could see 2 orcs.

Vanquished Creatures
  A howler monkey (D:3)
  An adder (D:2)
  2 worms
  2 dart slugs
  An orc (D:3)
  8 ball pythons
  2 endoplasms
  7 goblins
  4 hobgoblins
  2 quokkas (D:1)
  6 bats
  2 frilled lizards
  7 kobolds (D:1)
  5 rats
50 creatures vanquished.

Notes
Turn   | Place    | Note
-------+----------+-------------------------------------------
     0 | D:1      | Pin the Hill Orc Monk began the quest for the Orb.
     0 | D:1      | Reached XP level 1. HP: 19/19 MP: 1/1
   198 | D:1      | Reached skill level 1 in Armour
   233 | D:1      | Reached XP level 2. HP: 8/26 MP: 2/2
   878 | D:1      | Reached XP level 3. HP: 27/31 MP: 3/3
  1896 | D:3      | Reached XP level 4. HP: 39/39 MP: 4/4
  2107 | D:3      | Found a faded altar of an unknown god.
  2177 | D:3      | Slain by an orc

Illustrated notes

Levels and vault maps discovered:
D:1:      minmay_arrival_up_and_down, layout_rooms, hangedman_glass_teeth
D:2:      layout_loops_ring
D:3:      layout_rooms, hellmonk_ecumenical_altar_zigzags,
          kennysheep_generic_room_11

Skill      XL: |  1  2  3  4 |
---------------+-------------+-----
Armour         | 1 2 3 4 |  4.8
Fighting       | |  3.6
Axes           | |  4.0
Dodging        | |  2.4
Stealth        | |  1.5

Action                   |  1- 3 |  4- 6 || total
-------------------------+-------+-------++-------
Melee: Hand axe          |   145 |    59 ||   204
       Punch             |     3 |     2 ||     5
 Stab: Sleeping          |     2 |       ||     2
Armor: Robe              |    25 |       ||    25
       Chain mail        |    19 |    32 ||    51
Dodge: Dodged            |    76 |    26 ||   102

Table legend: (Time is in decaauts)
 A = Elapsed time spent in this place.
 B = Non-inter-level travel time spent in this place.
 C = Inter-level travel time spent in this place.
 D = Time resting spent in this place.
 E = Time spent auto-exploring this place.
 F = Levels seen in this place.
 G = Mean time per level.
                   A        B        C        D        E       F      G
               +--------+--------+--------+--------+--------+-----+--------+
         Total |   2196 |   2179 |     17 |    289 |   1438 |   3 |  732.0 |
       Dungeon |   2196 |   2179 |     17 |    289 |   1438 |   3 |  732.0 |
               +--------+--------+--------+--------+--------+-----+--------+

Top non-repeatable levels by time:
     D:1: 1044 daAuts
     D:2: 843 daAuts
     D:3: 308 daAuts
